 Dungeon Crawl Stone Soup version 0.23.2-33-g5129a83184 (webtiles) character file.

Game seed: 17634465357061464099

56 Gwenloh the Sneak (level 4, -1/24 HPs)
             Began as a Kobold Enchanter on July 13, 2019.
             Slain by a worm (9 damage)
             ... on level 2 of the Dungeon.
             The game lasted 00:06:15 (2065 turns).

Gwenloh the Sneak (Kobold Enchanter)                Turns: 2065, Time: 00:06:15

Health: -1/24      AC:  2    Str:  5    XL:     4   Next: 15%
Magic:  2/7        EV: 16    Int: 17    God:
Gold:   54         SH:  0    Dex: 15    Spells: 1/7 levels left

rFire    . . .     SeeInvis .   a - +1 dagger
rCold    . . .     Gourm    .   (shield restricted)
rNeg     . . .     Faith    .   b - +0 robe
rPois    .         Spirit   .   (no helmet)
rElec    .         Reflect  .   (no cloak)
rCorr    .         Harm     .   (no gloves)
MR       .....                  (no boots)
Stlth    +++.......             (no amulet)
HPRegen  0.08/turn              (no ring)
MPRegen  0.10/turn              (no ring)

@: no status effects
A: small, carnivore
a: no special abilities


You were on level 2 of the Dungeon.
You were completely stuffed.

You visited 1 branch of the dungeon, and saw 2 of its levels.

You collected 54 gold pieces.

Inventory:

Hand Weapons
 a - a +1 dagger (weapon)
Missiles
 l - a throwing net (quivered)
Armour
 b - a +0 robe (worn)
Jewellery
 c - an uncursed amulet of magic regeneration {unknown}
Scrolls
 e - 2 scrolls of identify {unknown}
 f - a scroll of teleportation {unknown}
 g - a scroll of fear {unknown}
Potions
 h - a potion of magic {unknown}
 j - a potion of lignification {unknown}
 k - a potion of might {unknown}
Comestibles
 d - 3 rations
 i - 2 chunks of flesh


   Skills:
 + Level 2.5 Short Blades
 + Level 3.1 Dodging
 + Level 4.6 Stealth
 - Level 2.2 Spellcasting
 + Level 3.4 Hexes
 + Level 1.0 Ice Magic


You had one spell level left.
You knew the following spells:

 Your Spells              Type           Power        Failure   Level  Hunger
a - Corona                Hex            ##.....      4%          1    #......
b - Ensorcelled Hibernat  Hex/Ice        #.....       12%         2    ###....
c - Confuse               Hex            ##......     14%         3    ###....

Your spell library contained the following spells:

 Spells                   Type           Power        Failure   Level  Hunger
 Tukima's Dance           Hex            ##......     14%         3    ###....
 Dazzling Spray           Conj/Hex       #.....       28%         3    ###....


Dungeon Overview and Level Annotations

Branches:
Dungeon (2/15)

Altars:


Innate Abilities, Weirdness & Mutations

You are small and have problems with some larger weapons.
You are carnivorous and can eat meat at any time.


Message History

You hit the worm but do no damage.
The worm is heavily wounded.
You hit the worm.
The worm is severely wounded.
The worm closely misses you.
Casting: Corona (safe; 4% risk of failure)
Confirm with . or Enter, or press ? or * to list all spells.
Aiming: Corona (safe; 4% risk of failure)
Press: ? - help, Shift-Dir - straight line, f/p - worm
Aim: a worm (severely wounded, chance to defeat MR: 58%)
The worm is outlined in light.
You hit the worm.
The worm is severely wounded.
The worm bites you.
You hit the worm.
The worm is severely wounded.
You hit the worm but do no damage.
The worm is severely wounded.
The worm bites you!
You die...

######## #......# ..
#......# ....# #......####
..... #.......... .....#
#...###### ...
########..#.....# #.###
.........#@w...#.# ####....
#######.#######..#.........
#.#.....#..#.........
##.#.....#w.#...##.###
#..#.....#..#b..##.###
#..#.....#.#..........
#.รท#(....##.....##.###
#..'######......##.###
#..........#..........


You could see a worm.

Vanquished Creatures
  2 adders (D:2)
  A worm (D:2)
  2 dart slugs (D:2)
  2 leopard geckos (D:1)
  2 bats (D:2)
  A giant cockroach (D:2)
  3 hobgoblins
  2 jackals
  A kobold (D:2)
  4 ball pythons
  2 frilled lizards
  4 goblins
  2 rats (D:1)
28 creatures vanquished.

Notes
Turn   | Place    | Note
-------+----------+-------------------------------------------
     0 | D:1      | Gwenloh the Kobold Enchanter began the quest for the Orb.
     0 | D:1      | Reached XP level 1. HP: 10/10 MP: 3/3
   487 | D:1      | Reached XP level 2. HP: 6/15 MP: 5/5
   653 | D:1      | Learned a level 2 spell: Ensorcelled Hibernation
  1279 | D:2      | Reached XP level 3. HP: 19/19 MP: 6/6
  1504 | D:2      | Learned a level 3 spell: Confuse
  1900 | D:2      | Reached skill level 1 in Ice Magic
  1900 | D:2      | Reached XP level 4. HP: 24/24 MP: 0/7
  2065 | D:2      | Slain by a worm

Skill      XL: |  1  2  3 |
---------------+----------+-----
Short Blades   | 2 |  2.5
Dodging        | 3 |  3.1
Ice Magic      | 1 |  1.0
Stealth        | |  4.6
Spellcasting   | |  2.2
Hexes          | |  3.4

Action                   |  1- 3 |  4- 6 || total
-------------------------+-------+-------++-------
Melee: Dagger            |   112 |    43 ||   155
 Cast: Corona            |     3 |     3 ||     6
       Ensorcelled Hiber |     6 |     3 ||     9
       Confuse           |     2 |       ||     2
 Stab: Sleeping          |     9 |       ||     9
       Confused          |     1 |       ||     1
  Eat: Chunk             |    12 |     1 ||    13
Armor: Robe              |    23 |       ||    23
Dodge: Dodged            |    98 |    21 ||   119
